 Dungeon Crawl Stone Soup version 0.28-a0-1344-g6b9ff3a05d (webtiles) character file.

Game seed: 2895424605877513038

8 Deminshera the Skirmisher (level 2, 23/24 HPs)
             Began as a Demonspawn Fighter on Dec 29, 2021.
             Quit the game on level 1 of the Dungeon.
             The game lasted 00:00:34 (176 turns).

Deminshera the Skirmisher (Demonspawn Fighter)       Turns: 176, Time: 00:00:35

Health: 23/24      AC:  6    Str: 16    XL:     2   Next: 0%
Magic:  2/2        EV:  9    Int:  9    God:
Gold:   25         SH:  4    Dex: 12    Spells: 1/1 levels left

rFire   . . .      SeeInvis .   a - +0 trident
rCold   . . .      Faith    .   c - +0 buckler
rNeg    . . .      Spirit   .   b - +0 scale mail
rPois   .          Reflect  .   (helmet restricted)
rElec   .          Harm     .   (no cloak)
rCorr   .          Rampage  .   (no gloves)
Will    .....                   (no boots)
Stlth   ..........              (no amulet)
HPRegen 0.08/turn               (no ring)
MPRegen 0.08/turn               (no ring)

@: no status effects
A: horns 1
a: no special abilities


You were on level 1 of the Dungeon.
You visited 1 branch of the dungeon, and saw 1 of its levels.

You collected 25 gold pieces.

Inventory:

Hand Weapons
 a - a +0 trident (weapon)
Armour
 b - a +0 scale mail (worn)
 c - a +0 buckler (worn)
Potions
 d - a potion of might


   Skills:
 + Level 3.1 Fighting
 * Level 2.2 Polearms
 - Level 2.6 Armour
 - Level 2.6 Shields


You had one spell level left.
You didn't know any spells.
Your spell library contained the following spells:

 Spells                   Type           Power      Damage    Failure   Level
 Sandblast                Erth           0%         2d4       86%         1
 Passwall                 Tmut/Erth      0%         N/A       95%         2
 Stone Arrow              Conj/Erth      0%         3d7       99%         3


Dungeon Overview and Level Annotations

Branches:
Dungeon (1/15)

Altars:


Innate Abilities, Weirdness & Mutations

You have a pair of small horns on your head.


Message History

The hobgoblin is heavily wounded.
You block the hobgoblin's attack.
The hobgoblin hits you but does no damage.
You puncture the hobgoblin!
You kill the hobgoblin!
No target in view!
No target in view!
No target in view!
No target in view!
No target in view!
No target in view!
You now have 25 gold pieces (gained 18).
A ball python comes into view.
The ball python hisses angrily.
A ball python is nearby!
A ball python is nearby!
You hit the ball python but do no damage.
The ball python completely misses you. The ball python barely misses you.
You closely miss the ball python. The ball python closely misses you.
You block the ball python's attack.
Your shield prevents you from hitting the ball python.
The ball python closely misses you. The ball python barely misses you.
The ball python bites you but does no damage.
The ball python grabs you. The ball python constricts you.
You barely miss the ball python.
The ball python bites you but does no damage.
The ball python constricts you.
You closely miss the ball python.
The ball python bites you but does no damage.
The ball python constricts you. The ball python closely misses you.
The ball python constricts you.
You hit the ball python.
You kill the ball python!
You have reached level 2!
Your demonic ancestry asserts itself...
A pair of horns grows on your head!
Press: ? - help, . - travel You can't see that place. [the floor.] Are you sure you want to abandon this character and quit the game? (Confirm with "yes".)

#..#.. .. ..# #..##. #.
..# #..... #. ..#
#.##.# #.
..#########.##.#
###.#...............#
.............##.####
#..########.##.###
#.@.# #.##(..# ##..#
##.####.# #..#
##...###.#
.######..#####.....##.#
...................##.#
.######..############.#
######..# ###
......†..# ........##


There were no monsters in sight!

Vanquished Creatures
  An endoplasm (D:1)
  A giant cockroach (D:1)
  A hobgoblin (D:1)
  2 jackals (D:1)
  A ball python (D:1)
  A rat (D:1)
7 creatures vanquished.

Notes
Turn   | Place    | Note
-------+----------+-------------------------------------------
     0 | D:1      | Deminshera the Demonspawn Fighter began the quest for the
                  | Orb.
     0 | D:1      | Reached XP level 1. HP: 18/18 MP: 1/1
    79 | D:1      | Found a faded altar of an unknown god.
   176 | D:1      | Gained mutation: You have a pair of small horns on your
                  | head. [demonic ancestry]
   176 | D:1      | Reached XP level 2. HP: 23/24 MP: 2/2
   176 | D:1      | Quit the game

Illustrated notes

Levels and vault maps discovered:
D:1:      roderic_dead_forest, layout_loops_ring, ebering_ecumenical_altar_box,
          minmay_split_cup_small

Skill      XL: |  1 |
---------------+----+-----
Polearms       | 2 |  2.2
Fighting       | |  3.1
Armour         | |  2.6
Shields        | |  2.6

Action                   || total
-------------------------++-------
Melee: Trident           ||    35
Armor: Scale mail        ||    14
Dodge: Dodged            ||    19
Block: Buckler           ||     5

Table legend: (Time is in decaauts)
 A = Elapsed time spent in this place.
 B = Non-inter-level travel time spent in this place.
 C = Inter-level travel time spent in this place.
 D = Time resting spent in this place.
 E = Time spent auto-exploring this place.
 F = Levels seen in this place.
 G = Mean time per level.
                   A        B        C        D        E       F      G
               +--------+--------+--------+--------+--------+-----+--------+
         Total |    183 |    183 |      0 |      0 |    124 |   1 |  183.0 |
       Dungeon |    183 |    183 |      0 |      0 |    124 |   1 |  183.0 |
               +--------+--------+--------+--------+--------+-----+--------+

Top non-repeatable levels by time:
     D:1: 183 daAuts
